 Dungeon Crawl Stone Soup version 0.24.1-14-gf8d2b509d9 (webtiles) character file.

Game seed: 1653834537424682961, levelgen mode: deterministic

105 KlarStein the Skirmisher (level 4, 2/35 HPs)
             Began as a Demonspawn Fighter on Sept 5, 2020.
             Quit the game on level 3 of the Dungeon.
             The game lasted 00:06:49 (1336 turns).

KlarStein the Skirmisher (Demonspawn Fighter)       Turns: 1336, Time: 00:06:49

Health: 2/35       AC: 14    Str: 18    XL:     4   Next: 53%
Magic:  4/4        EV:  3    Int:  9    God:
Gold:   76         SH:  9    Dex: 12    Spells: 3/3 levels left

rFire    . . .     SeeInvis +   a - +0 long sword
rCold    + . .     Gourm    .   c - +0 shield
rNeg     . . .     Faith    .   g - +0 plate armour
rPois    .         Spirit   .   (helmet restricted)
rElec    .         Reflect  .   b - +2 cloak
rCorr    .         Harm     .   (no gloves)
MR       .....                  (no boots)
Stlth    ..........             (no amulet)
HPRegen  0.11/turn              (no ring)
MPRegen  0.09/turn              (no ring)

@: lethally poisoned (2 -> -15), very slightly contaminated, invisible
A: hooves 1, horns 1, see invisible, cold resistance 1, deterioration 1,
MP-powered wands
a: no special abilities


You were on level 3 of the Dungeon.
You were hungry.

You visited 1 branch of the dungeon, and saw 3 of its levels.

You collected 76 gold pieces.

Inventory:

Hand Weapons
 a - a +0 long sword (weapon)
 i - a +2 dagger of venom
 l - a +2 dagger of venom
Armour
 b - a +2 cloak (worn)
 c - a +0 shield (worn)
 g - a +0 plate armour (worn)
Jewellery
 h - an uncursed ring of fire {unknown}
Scrolls
 e - 2 scrolls of identify
 j - a scroll of immolation {unknown}
Potions
 d - a potion of might
Comestibles
 f - 7 rations
 k - 2 chunks of flesh


   Skills:
 + Level 3.5 Fighting
 * Level 3.0 Long Blades
 + Level 3.2 Armour
 + Level 3.2 Shields


You had 3 spell levels left.
You didn't know any spells.
Your spell library was empty.

Dungeon Overview and Level Annotations

Branches:
Dungeon (3/15)

Altars:
Elyvilon

Annotations:
D:2 Natasha


Innate Abilities, Weirdness & Mutations

You have large cloven feet.
You have a pair of small horns on your head.
Your flesh is cold resistant. (rC+)
You have supernaturally acute eyesight. (SInv)
Your body sometimes deteriorates upon taking damage.
You expend magic power (3 MP) to strengthen your wands.


Message History

You feel sick.
* * * LOW HITPOINT WARNING * * *
You feel sick.
Items here: )) [ †† a +0 falchion; a +2 dagger of venom; a +0 ring mail; a kobold corpse an orc corpse What are your orders? t - Shout!
Orders for allies: a - Attack new target. r - Retreat! s - Stop attacking. g - Guard the area. f - Follow me.
Anything else - Cancel.
Okay, then.
There is a lethal amount of poison in your body!
Unknown command.
Unknown command.
There is a lethal amount of poison in your body!
Okay, then.
Unknown command.
Are you sure you want to abandon this character and quit the game? (Confirm with "yes".)

## ### #.. ... #.# #.#
# #.# #.#.# #######.#
####.#.####
........#####.........#
###.........#.##.#.##.#
#............##@#
##..###.###.####)#
.#..# #.##...# #.#
.#..###.#.###.##.?..#
.......(..# .......#
##..###.#†# ######..
........##...# .#
##.)##### #...... #
#..#### .######.#


There were no monsters in sight!

Vanquished Creatures
  A gnoll (D:1)
  3 adders
  2 worms (D:3)
  2 leopard geckos (D:1)
  6 orcs
  4 bats
  2 giant cockroaches
  9 goblins
  2 hobgoblins (D:1)
  4 jackals (D:3)
  2 quokkas (D:3)
  A ball python (D:2)
  6 frilled lizards
  5 kobolds
  4 rats
53 creatures vanquished.

Notes
Turn   | Place    | Note
-------+----------+-------------------------------------------
     0 | D:1      | KlarStein the Demonspawn Fighter began the quest for the
                  | Orb.
     0 | D:1      | Reached XP level 1. HP: 18/18 MP: 1/1
    83 | D:1      | Gained mutation: You have a pair of small horns on your
                  | head. [demonic ancestry]
    83 | D:1      | Reached XP level 2. HP: 23/24 MP: 2/2
   311 | D:1      | Gained mutation: You have large cloven feet. [demonic
                  | ancestry]
   311 | D:1      | Reached XP level 3. HP: 28/29 MP: 3/3
   654 | D:2      | Noticed Natasha
   731 | D:3      | Gained mutation: Your body sometimes deteriorates upon
                  | taking damage. [potion of mutation]
   731 | D:3      | Gained mutation: You expend magic power (3 MP) to
                  | strengthen your wands. [potion of mutation]
   731 | D:3      | Gained mutation: You have supernaturally acute eyesight.
                  | (SInv) [potion of mutation]
  1068 | D:3      | Gained mutation: Your flesh is cold resistant. (rC+)
                  | [demonic ancestry]
  1068 | D:3      | Reached XP level 4. HP: 32/35 MP: 4/4
  1087 | D:3      | Found a white marble altar of Elyvilon.
  1336 | D:3      | Quit the game

Levels and vault maps discovered:
D:1:      lightli_arrival_statuegarden, layout_rooms, st_stairs_7,
          grunt_decor_cap
D:2:      layout_rooms, lemuel_coloured_pillars_altar,
          grunt_temple_overflow_open, xom_redecorated, first_ration,
          uniq_natasha
D:3:      layout_loops_ring, nicolae_overflow_crystal_walls

Skill      XL: |  1  2  3  4 |
---------------+-------------+-----
Long Blades    | 2 3 |  3.0
Shields        | 3 |  3.2
Armour         | 3 |  3.2
Fighting       | |  3.5

Action                   |  1- 3 |  4- 6 || total
-------------------------+-------+-------++-------
Melee: Long sword        |    89 |    43 ||   132
       Headbutt          |    10 |    11 ||    21
       Kick              |    10 |    12 ||    22
  Use: Scroll            |     4 |       ||     4
       Potion            |     1 |     1 ||     2
  Eat: Chunk             |     1 |       ||     1
Armor: Scale mail        |    12 |       ||    12
       Plate armour      |    65 |    26 ||    91
Dodge: Dodged            |    10 |     4 ||    14
Block: Shield            |    52 |    22 ||    74
       Rpst.: Long sword |     2 |     1 ||     3
